 Dungeon Crawl Stone Soup version 0.29-a0-322-g68df515428 (webtiles) character file.

Game seed: 1275237200081119494

43 zishaf the Chiller (level 3, 0/32 HPs)
             Began as a Naga Ice Elementalist on Apr 8, 2022.
             Slain by an iguana (8 damage)
             ... on level 2 of the Dungeon.
             The game lasted 00:03:05 (1771 turns).

zishaf the Chiller (Naga Ice Elementalist)          Turns: 1771, Time: 00:03:05

Health: 0/32       AC:  2    Str: 10    XL:     3   Next: 58%
Magic:  3/6        EV:  9    Int: 17    God:
Gold:   87         SH:  0    Dex: 11    Spells: 2/6 levels left

rFire   . . .      SeeInvis +   a - +0 short sword
rCold   . . .      Faith    .   (no shield)
rNeg    . . .      Spirit   .   c - +0 robe
rPois   +          Reflect  .   (no helmet)
rElec   .          Harm     .   (no cloak)
rCorr   .          Rampage  .   (no gloves)
Will    .....                   (no barding)
Stlth   ++........              r - amulet of regeneration
HPRegen 0.10/turn               (no ring)
MPRegen 0.10/turn               (no ring)

@: very slow
A: AC +1, large, see invisible, deformed body, poison resistance, slowness 2,
spit poison 1, naga tail 1
a: Spit Poison


You were on level 2 of the Dungeon.
You visited 1 branch of the dungeon, and saw 2 of its levels.

You collected 87 gold pieces.

Inventory:

Hand Weapons
 a - a +0 short sword (weapon)
 b - a +0 hunting sling
Missiles
 g - 5 poisoned darts
Armour
 c - a +0 robe (worn)
Magical Staves
 m - a staff of air
 q - a staff of death
Jewellery
 i - an amulet of guardian spirit
 r - an amulet of regeneration (around neck)
Wands
 o - a wand of iceblast (7)
Scrolls
 e - a scroll of immolation {unknown}
 f - 3 scrolls of teleportation {unknown}
 h - a scroll of enchant armour {unknown}
 j - 2 scrolls of identify {unknown}
 k - a scroll of noise {unknown}
 n - a scroll of acquirement {unknown}
Potions
 d - a potion of mutation {unknown}
 l - a potion of magic
 p - a potion of haste {unknown}


   Skills:
 + Level 2.0 Fighting
 - Level 1.5 Dodging
 - Level 3.0 Stealth
 - Level 2.0 Spellcasting
 + Level 4.6 Ice Magic


You had 2 spell levels left.
You knew the following spells:

 Your Spells              Type           Power      Damage    Failure   Level
a - Freeze                Ice            68%        1d8       3%          1
b - Frozen Ramparts       Ice            34%        1d5       9%          3

Your spell library contained the following spells:

 Spells                   Type           Power      Damage    Failure   Level
 Ensorcelled Hibernation  Hex/Ice        18%        N/A       12%         2
 Ozocubu's Armour         Ice            17%        N/A       9%          3
 Spider Form              Tmut/Pois      1%         N/A       50%         3
 Hailstorm                Conj/Ice       9%         3d4       58%         4
 Anguish                  Hex/Necr       0%         N/A       88%         4


Dungeon Overview and Level Annotations

Branches:
Dungeon (2/15)

Altars:

Shops:
D:1 ?


Innate Abilities, Weirdness & Mutations

Your serpentine skin is tough. (AC +1)
You have supernaturally acute eyesight. (SInv)
Armour fits poorly on your strangely shaped body.
Your system is resistant to poisons. (rPois)
You cover ground very slowly.
You can spit poison.
You have a snake-like lower body.


Message History

You closely miss the quokka.
The quokka is lightly wounded.
The quokka bites you.
You closely miss the quokka.
The quokka is lightly wounded.
The quokka bites you but does no damage.
The quokka bites you.
You closely miss the quokka.
The quokka is lightly wounded.
The quokka bites you.
You are too injured to fight recklessly!
Aiming: Spit Poison (2% risk of failure)
Press: ? - help, Shift-Dir - straight line, f - quokka
Aim: a quokka (lightly wounded, 45% to hit)
The splash of poison hits the quokka.
The quokka is moderately wounded.
The quokka bites you.
Unknown command.
Casting: Frozen Ramparts (quite dangerous; 9% risk of failure)
Confirm with . or Enter, or press ? or * to list all spells.
The spell is quite dangerous to miscast (9% risk of failure)!
Continue anyway?
Casting: Frozen Ramparts (quite dangerous; 9% risk of failure)
Press: ? - help, Dir - look around, f - activate The walls around you are covered in ice.
The wall freezes the quokka.
The quokka bites you.
You closely miss the quokka.
The quokka is severely wounded.
The wall freezes the quokka.
You kill the quokka!
The frozen ramparts melt away as you move.
An iguana comes into view.
The iguana hisses angrily.
You see here a quokka corpse.
The iguana barely misses you.
You see here a scroll labelled ROTYHO XOSMEL.
You have got your breath back.
The iguana bites you.
* * * LOW HITPOINT WARNING * * *
The iguana bites you!
You die...

...##.#.##### ########.##
...##.#...... #.#
...##........ ### #.#
..........##.#.#.. #.#
#..........# #.#.# #.#
#..........# #.#.. #.#
#.......##.# #.#.# #.#
#.......# .# #.#<# #.#
#.......##.#.#.#@####.#.#
.>..######.....l......#.#
#.... .......?†######.#
..#.. ........#.......#
.. ... ........#.#######
#######.#.# #.#.# ###.#
#.#


You could see an iguana.

Vanquished Creatures
  An adder (D:2)
  A worm (D:2)
  An orc (D:2)
  2 bats
  An endoplasm (D:1)
  5 hobgoblins (D:1)
  2 jackals (D:2)
  A quokka (D:2)
  6 ball pythons
  3 frilled lizards (D:1)
  A goblin (D:1)
  4 kobolds (D:1)
  3 rats (D:1)
31 creatures vanquished.

Notes
Turn   | Place    | Note
-------+----------+-------------------------------------------
     0 | D:1      | zishaf the Naga Ice Elementalist began the quest for the
                  | Orb.
     0 | D:1      | Reached XP level 1. HP: 15/15 MP: 3/3
   545 | D:1      | Reached skill level 1 in Fighting
   545 | D:1      | Reached XP level 2. HP: 25/25 MP: 5/5
   942 | D:1      | Found Qyijipp's Magic Scroll Emporium.
  1320 | D:2      | Reached XP level 3. HP: 28/31 MP: 6/6
  1324 | D:2      | Learned a level 3 spell: Frozen Ramparts
  1771 | D:2      | Slain by an iguana

Illustrated notes

Levels and vault maps discovered:
D:1:      dpeg_arrival_simpleton_b, layout_loops_ring, serial_shops,
          nicolae_shop_waterfront, minmay_misc_feat_diagonals
D:2:      layout_basic

Skill      XL: |  1  2  3 |
---------------+----------+-----
Fighting       | 1 2 |  2.0
Dodging        | |  1.5
Stealth        | |  3.0
Spellcasting   | |  2.0
Ice Magic      | |  4.6

Action                   || total
-------------------------++-------
Melee: Short sword       ||    65
       Punch             ||     1
 Fire: Hunting sling     ||    11
 Cast: Freeze            ||    11
       Frozen Ramparts   ||     3
 Abil: Spit Poison       ||    12
Armor: Robe              ||    21
Dodge: Dodged            ||    49

Table legend: (Time is in decaauts)
 A = Elapsed time spent in this place.
 B = Non-inter-level travel time spent in this place.
 C = Inter-level travel time spent in this place.
 D = Time resting spent in this place.
 E = Time spent auto-exploring this place.
 F = Levels seen in this place.
 G = Mean time per level.
                   A        B        C        D        E       F      G
               +--------+--------+--------+--------+--------+-----+--------+
         Total |   2096 |   2022 |     74 |     40 |   1647 |   2 | 1048.0 |
       Dungeon |   2096 |   2022 |     74 |     40 |   1647 |   2 | 1048.0 |
               +--------+--------+--------+--------+--------+-----+--------+

Top non-repeatable levels by time:
     D:1: 1508 daAuts
     D:2: 588 daAuts
